[Event "Titled Tuesday Blitz June 1 2021"]
[White "Siva Mahadevan"]
[Black "Fries-Nielsen, Jens Ove"]
[WhiteFideId "25043153"]
[BlackFideId "1400142"]
[WhiteElo "2203"]
[BlackElo "2524"]
[Result "1-0"]
[Round "04"]
[TimeControl "180+1"]
[Date "2021.06.01"]
[WhiteClock "0:00:53"]
[BlackClock "0:01:27"]

1. e4 c6 2. Nf3 d6 3. Nc3 g6 4. d4 Bg7 5. Be2 Nf6 6. O-O O-O 7. a4 Nbd7 8. h3 e5 9. Be3 Re8 10. dxe5 dxe5 11. a5 Qe7 12. Bc4 h6 13. Qd2 Kh7 14. Rfd1 Nf8 15. Qd6 Be6 16. Be2 Qxd6 17. Rxd6 N8d7 18. a6 b5 19. Rxc6 b4 20. Nb5 Nxe4 21. Nxa7 Ndc5 22. Nb5 Bf8 23. Nc7 Bd5 24. Nxd5 1-0


[Site "https://www.chess.com"]

[Event "Titled Tuesday Blitz June 1 2021"]
[White "Sjugirov, Sanan"]
[Black "Donchenko, Alexander"]
[WhiteFideId "4189302"]
[BlackFideId "24603295"]
[WhiteElo "2472"]
[BlackElo "2553"]
[Result "0-1"]
[Round "04"]
[TimeControl "180+1"]
[Date "2021.06.01"]
[WhiteClock "0:00:50"]
[BlackClock "0:00:38"]

1. e4 e5 2. Nf3 Nc6 3. Bb5 a6 4. Ba4 Nf6 5. d3 Bc5 6. c3 b5 7. Bb3 d6 8. Bg5 h6 9. Bh4 Qe7 10. Nbd2 Bb6 11. Qe2 Be6 12. Nf1 g5 13. Bg3 Nh5 14. Ne3 Bxe3 15. Qxe3 Nf4 16. O-O Qd7 17. Bxe6 Qxe6 18. d4 Ne7 19. dxe5 dxe5 20. Qc5 Nd3 21. Qa3 Ng6 22. Rad1 Rd8 23. Nd4 exd4 24. Rxd3 Qxe4 25. cxd4 b4 26. Qa4+ Kf8 27. Qxb4+ Kg7 28. Qc3 Rd5 29. Re1 Qf5 30. Rf3 Qd7 31. Be5+ Nxe5 32. dxe5 Qe6 33. Rf6 Qe7 34. Rxa6 Rhd8 35. Rd6 cxd6 0-1


[Site "https://www.chess.com"]

[Event "Titled Tuesday Blitz June 1 2021"]
[White "Sonis, Francesco"]
[Black "Balakrishnan, Praveen"]
[WhiteFideId "895733"]
[BlackFideId "2064871"]
[WhiteElo "2373"]
[BlackElo "2237"]
[Result "1-0"]
[Round "04"]
[TimeControl "180+1"]
[Date "2021.06.01"]
[WhiteClock "0:01:54"]
[BlackClock "0:01:44"]

1. d4 g6 2. c4 Bg7 3. g3 d6 4. Bg2 Nd7 5. Nf3 e5 6. Nc3 Ne7 7. O-O O-O 8. e3 h6 9. b3 f5 10. dxe5 dxe5 11. Ba3 Rf7 12. Qc2 Nf8 13. Rad1 Qe8 14. Nd5 Nc6 15. b4 Nd8 16. Bb2 c6 17. Nc3 Be6 18. Na4 b5 19. cxb5 cxb5 20. Nc5 Bxa2 21. Bxe5 Bc4 22. Bxg7 Bxf1 23. Ba1 Bxg2 24. Kxg2 Nfe6 25. Qc3 Kh7 26. Ne5 Rc7 27. Ned7 1-0


[Site "https://www.chess.com"]

[Event "Titled Tuesday Blitz June 1 2021"]
[White "Sumets, Andrey"]
[Black "Supi, Luis Paulo"]
[WhiteFideId "14105500"]
[BlackFideId "2106388"]
[WhiteElo "2619"]
[BlackElo "2369"]
[Result "1/2-1/2"]
[Round "04"]
[TimeControl "180+1"]
[Date "2021.06.01"]
[WhiteClock "0:00:07"]
[BlackClock "0:00:05"]

1. d4 Nf6 2. c4 g6 3. Nc3 Bg7 4. e4 d6 5. Nf3 O-O 6. Be2 e5 7. O-O Bg4 8. dxe5 Bxf3 9. exf6 Bxe2 10. Qxe2 Qxf6 11. Be3 Qe6 12. Nd5 Na6 13. f3 c6 14. Nf4 Qe7 15. Rfd1 Rfe8 16. Rab1 f5 17. Bd4 fxe4 18. Bxg7 Qxg7 19. Rxd6 Qe5 20. Qd2 exf3 21. gxf3 Nc5 22. b4 Ne6 23. Nxe6 Rxe6 24. Rd7 Re7 25. Rxe7 Qxe7 26. Re1 Qf7 27. Qd4 a6 28. Kf2 Rf8 29. Re3 Qc7 30. Kg2 Qf4 31. Qxf4 Rxf4 32. Re7 Rf7 33. Re8+ Kg7 34. Kg3 Kf6 35. a4 Rd7 36. a5 Rd4 37. Rb8 Rd7 38. Kf4 Ke6 39. Ke4 Kd6 40. Rh8 c5 41. b5 Ke6 42. bxa6 bxa6 43. Ra8 Rd4+ 44. Ke3 Rxc4 45. Rxa6+ Kd5 46. Ra7 Rh4 47. a6 Rxh2 48. Rd7+ Kc6 49. a7 Ra2 50. Rxh7 Ra3+ 51. Kf4 c4 52. Ke4 Kc5 53. f4 Kb4 54. Rb7+ Kc3 55. Rg7 Kd2 56. Rd7+ Ke2 57. Rg7 c3 58. Rxg6 c2 59. Rc6 Kd2 60. Rd6+ Ke2 61. Rc6 Ra4+ 62. Ke5 Kd2 63. Rxc2+ Kxc2 64. f5 Ra5+ 65. Ke6 Ra6+ 66. Ke5 Rxa7 67. f6 Kc3 68. Ke6 Kd4 69. f7 Ra8 70. Ke7 Ke5 71. f8=Q Ra7+ 72. Ke8 Ra8+ 73. Kf7 Rxf8+ 74. Kxf8 1/2-1/2


[Site "https://www.chess.com"]

[Event "Titled Tuesday Blitz June 1 2021"]
[White "Svane, Frederik"]
[Black "Titus, Andrew"]
[WhiteFideId "12923044"]
[BlackFideId "2059770"]
[WhiteElo "2459"]
[BlackElo "2044"]
[Result "1-0"]
[Round "04"]
[TimeControl "180+1"]
[Date "2021.06.01"]
[WhiteClock "0:00:11"]
[BlackClock "0:00:09"]

1. e4 c5 2. Nf3 d6 3. Bb5+ Nd7 4. d4 cxd4 5. Qxd4 a6 6. Bxd7+ Bxd7 7. Nc3 e6 8. Bg5 f6 9. Be3 Ne7 10. O-O-O Nc6 11. Qd2 Rc8 12. Kb1 b5 13. g4 Qc7 14. g5 Ne5 15. Nxe5 fxe5 16. f4 exf4 17. Bxf4 e5 18. Nd5 Qb7 19. Be3 Be6 20. Qg2 Be7 21. h4 O-O 22. h5 Bxd5 23. Rxd5 Qd7 24. a3 Qe6 25. b3 Rc3 26. Bd2 Rcf3 27. g6 Rf2 28. gxh7+ Kxh7 29. Qh3 Qxh3 30. Rxh3 Rf1+ 31. Kb2 Rc8 32. Bb4 Rf2 33. Rc3 Rxc3 34. Kxc3 Rf3+ 35. Kd2 Bg5+ 36. Ke2 Re3+ 37. Kf2 Rxe4 38. Rxd6 Rf4+ 39. Ke2 e4 40. Rxa6 Rh4 41. Re6 Rh2+ 42. Kd1 Rh1+ 43. Ke2 Rh2+ 44. Kf1 e3 45. Bc5 Rf2+ 46. Ke1 Bh4 47. Kd1 Rf1+ 48. Ke2 Re1+ 49. Kf3 Rc1 50. Bxe3 Rxc2 51. Bd4 Ra2 52. Kg4 Bf6 53. Bxf6 gxf6 54. Rxf6 Rxa3 55. Rf3 b4 56. Kg5 Ra5+ 57. Rf5 Ra3 58. Rf7+ Kg8 59. Rf3 Ra5+ 60. Kg6 Ra1 61. Rd3 Rg1+ 62. Kf6 Kh7 63. Rd4 Rg3 64. Rxb4 Kh6 65. Rb5 Rf3+ 66. Ke6 Re3+ 67. Kd6 Rd3+ 68. Kc6 Rg3 69. b4 Rg8 70. Rd5 Rc8+ 71. Kd7 Rb8 72. b5 Ra8 73. b6 Ra1 74. Kc7 Rc1+ 75. Kb8 Rb1 76. b7 Kh7 77. Kc7 Rc1+ 78. Kb6 Rb1+ 79. Rb5 Rg1 80. b8=Q Rg8 81. Qxg8+ Kxg8 82. Kc5 Kh7 83. Kd4 Kh6 84. Ke4 Kh7 85. Kf4 Kh6 86. Kg4 Kh7 1-0


[Site "https://www.chess.com"]

[Event "Titled Tuesday Blitz June 1 2021"]
[White "Szente Varga, Fruzsina"]
[Black "Janaszak, Dawid"]
[WhiteFideId "712264"]
[BlackFideId "1119206"]
[WhiteElo "2106"]
[BlackElo "2332"]
[Result "1-0"]
[Round "04"]
[TimeControl "180+1"]
[Date "2021.06.01"]
[WhiteClock "0:00:16"]
[BlackClock "0:00:22"]

1. e4 c6 2. d4 d5 3. Nc3 dxe4 4. Nxe4 Nf6 5. Nxf6+ exf6 6. Be3 Bd6 7. Qd2 O-O 8. O-O-O b5 9. Bf4 Be6 10. Kb1 Bxf4 11. Qxf4 Qd5 12. b3 a5 13. Ne2 a4 14. Nc3 Qd7 15. d5 cxd5 16. Bxb5 Qc8 17. Nxd5 Qc5 18. Bc4 axb3 19. cxb3 Nc6 20. Qe3 Qa3 21. Qe2 Ne5 22. Bb5 Rfb8 23. Nc7 Bf5+ 24. Ka1 Ra7 25. Nd5 Rxb5 26. Ne7+ Kf8 27. Nxf5 Rxb3 28. Rd8# 1-0


[Site "https://www.chess.com"]

[Event "Titled Tuesday Blitz June 1 2021"]
[White "Tanenbaum, Zachary"]
[Black "Garcia Garcia, Alejandro"]
[WhiteFideId "2060850"]
[BlackFideId "3516334"]
[WhiteElo "2165"]
[BlackElo "2131"]
[Result "1-0"]
[Round "04"]
[TimeControl "180+1"]
[Date "2021.06.01"]
[WhiteClock "0:00:37"]
[BlackClock "0:01:13"]

1. e4 c5 2. Nf3 e6 3. d4 cxd4 4. Nxd4 Nc6 5. Nc3 Nf6 6. Ndb5 d6 7. Bf4 e5 8. Bg5 a6 9. Na3 b5 10. Nd5 Be7 11. Bxf6 Bxf6 12. c4 b4 13. Nc2 a5 14. Be2 Be6 15. O-O O-O 16. b3 Rc8 17. Qd3 Bxd5 18. cxd5 Nd4 19. Nxd4 exd4 20. Rac1 Rc3 21. Qd2 Re8 22. Bd3 Qc7 23. f4 Rc8 24. Rce1 a4 25. Bc4 g6 26. Qf2 Bg7 27. Qh4 Re8 28. e5 dxe5 29. d6 Qxd6 30. Bxf7+ Kf8 31. Bxe8 Kxe8 32. Qxh7 Rc7 33. fxe5 Bxe5 34. Qh8+ 1-0


[Site "https://www.chess.com"]

[Event "Titled Tuesday Blitz June 1 2021"]
[White "TanitoluwaAps116"]
[Black "Stark, Lars"]
[BlackFideId "4676386"]
[WhiteElo "2390"]
[BlackElo "2474"]
[Result "0-1"]
[Round "04"]
[TimeControl "180+1"]
[Date "2021.06.01"]
[WhiteClock "0:00:06"]
[BlackClock "0:00:21"]

1. d4 Nf6 2. Bf4 e6 3. e3 c5 4. Nc3 a6 5. Nf3 d5 6. dxc5 Bxc5 7. Bd3 Nc6 8. e4 h6 9. O-O dxe4 10. Nxe4 Nxe4 11. Bxe4 Qxd1 12. Raxd1 Bd7 13. c3 O-O-O 14. Rd2 Be8 15. Rfd1 Rxd2 16. Rxd2 f6 17. b4 Be7 18. Nd4 Nxd4 19. Rxd4 e5 20. Bf5+ Kc7 21. Bg3 Bd6 22. Rg4 g5 23. Rc4+ Bc6 24. Be4 Rd8 25. f3 Be7 26. Kf1 Rd2 27. a4 Kd7 28. Bf5+ Kd8 29. b5 axb5 30. axb5 Bxb5 31. Ke1 Bxc4 32. Kxd2 Bf1 33. Bh3 Bc5 34. Ke1 Bc4 35. Bf5 Kc7 36. h4 Kb6 37. hxg5 hxg5 38. Kd2 Ka5 39. Bd7 b5 40. Kc2 Ka4 41. Be1 Ka3 42. Bd2 Bf2 43. Bc1+ Ka4 44. Bd2 Ka5 45. Bf5 Kb6 46. g4 Kc5 47. Be4 Be2 48. Bc1 Bf1 49. Kb3 Bc4+ 50. Kc2 Kd6 51. Ba3+ Bc5 52. Bf5 Bxa3 0-1


[Site "https://www.chess.com"]

[Event "Titled Tuesday Blitz June 1 2021"]
[White "Ter-Sahakyan, Samvel"]
[Black "Gormally, Daniel W"]
[WhiteFideId "13302531"]
[BlackFideId "406465"]
[WhiteElo "2551"]
[BlackElo "2543"]
[Result "0-1"]
[Round "04"]
[TimeControl "180+1"]
[Date "2021.06.01"]
[WhiteClock "0:00:02"]
[BlackClock "0:00:55"]

1. e4 c5 2. Nf3 d6 3. d4 cxd4 4. Nxd4 Nf6 5. Nc3 a6 6. Be3 e5 7. Nf3 Qc7 8. a4 b6 9. Nd5 Nxd5 10. exd5 Nd7 11. c4 a5 12. Be2 Be7 13. Nd2 O-O 14. O-O f5 15. f3 Qd8 16. Nb1 Bg5 17. Qd2 Bxe3+ 18. Qxe3 Nc5 19. Nc3 f4 20. Qf2 Bf5 21. Kh1 Rf6 22. Rg1 Rg6 23. g3 fxg3 24. Rxg3 Rxg3 25. Qxg3 Qf6 26. Re1 Rf8 27. Bf1 Qh6 28. Qf2 Bg4 29. Re3 e4 30. Be2 Qf4 31. b3 exf3 32. Bd1 Qd4 33. Bc2 Bh3 0-1


[Site "https://www.chess.com"]

[Event "Titled Tuesday Blitz June 1 2021"]
[White "Terry, Renato"]
[Black "Alinasab, Mobina"]
[WhiteFideId "3803457"]
[BlackFideId "12528897"]
[WhiteElo "2581"]
[BlackElo "2061"]
[Result "1-0"]
[Round "04"]
[TimeControl "180+1"]
[Date "2021.06.01"]
[WhiteClock "0:00:36"]
[BlackClock "0:00:02"]

1. e4 c5 2. Nf3 d6 3. Bb5+ Bd7 4. Bxd7+ Qxd7 5. O-O Nf6 6. e5 dxe5 7. Nxe5 Qc7 8. d4 e6 9. Bf4 Bd6 10. Na3 Bxe5 11. Bxe5 Qc6 12. dxc5 Nbd7 13. Bxf6 Nxf6 14. Qd6 Rc8 15. Qxc6+ Rxc6 16. b4 Nd5 17. Rab1 a5 18. bxa5 Rxc5 19. Rxb7 O-O 20. Nb5 Rxc2 21. Ra1 h6 22. a6 Rfc8 23. g3 Rd2 24. a7 Kh7 25. Rb8 Rcc2 26. Na3 1-0


[Site "https://www.chess.com"]

[Event "Titled Tuesday Blitz June 1 2021"]
[White "Thejkumar, M. S."]
[Black "Willow, Jonah B"]
[WhiteFideId "5009154"]
[BlackFideId "438804"]
[WhiteElo "2312"]
[BlackElo "2261"]
[Result "0-1"]
[Round "04"]
[TimeControl "180+1"]
[Date "2021.06.01"]
[WhiteClock "0:00:21"]
[BlackClock "0:00:08"]

1. d4 Nf6 2. c4 e6 3. Nf3 c5 4. d5 exd5 5. cxd5 d6 6. Nc3 g6 7. Nd2 Bg7 8. e4 O-O 9. Be2 Re8 10. O-O a6 11. a4 Nbd7 12. Ra3 Ne5 13. a5 g5 14. Re1 h6 15. Nf1 Ng6 16. Ng3 Rb8 17. Bf1 b5 18. axb6 Rxb6 19. Qc2 Qc7 20. Bd2 Ng4 21. Nd1 Bd7 22. Ba5 Reb8 23. Bxb6 Qxb6 24. Rxa6 Qb4 25. Nc3 Bd4 26. Nh1 N6e5 27. h3 Nf6 28. Rxd6 Nh5 29. Rxh6 Nf4 30. Rd1 Qxb2 31. Qxb2 Rxb2 32. Nb1 Ba4 33. Rc1 Kg7 34. Ra6 Bd7 35. Ra7 Bxh3 36. gxh3 Nf3# 0-1


[Site "https://www.chess.com"]

[Event "Titled Tuesday Blitz June 1 2021"]
[White "Timmermans, Mark"]
[Black "Holt, Conrad"]
[WhiteFideId "1026399"]
[BlackFideId "2034387"]
[WhiteElo "2460"]
[BlackElo "2586"]
[Result "1-0"]
[Round "04"]
[TimeControl "180+1"]
[Date "2021.06.01"]
[WhiteClock "0:00:47"]
[BlackClock "0:00:05"]

1. b4 d5 2. Bb2 Bg4 3. Nf3 e6 4. b5 a6 5. a4 Bxf3 6. exf3 axb5 7. axb5 Rxa1 8. Bxa1 Nf6 9. Be2 Bd6 10. O-O O-O 11. c4 Nbd7 12. d4 dxc4 13. Bxc4 Qa8 14. Nd2 Nb6 15. Bd3 Rd8 16. Qc2 Nbd5 17. Ne4 Be7 18. Bc4 Nb6 19. Nxf6+ Bxf6 20. Bd3 g6 21. Qxc7 Nd5 22. Qc4 Qa3 23. Be4 Ra8 24. g3 Qa2 25. Bxd5 exd5 26. Qc7 h5 27. Qxb7 h4 28. Qc6 Bd8 29. b6 Qa6 30. Rb1 h3 31. Qxd5 Qd3 32. Qe4 Qxe4 33. fxe4 Bxb6 34. Kf1 Bc7 35. d5 Ra4 36. Re1 Ba5 37. Rd1 Rxe4 38. d6 Bd8 39. Bd4 Kf8 40. Bc5 Kg7 41. Rd3 Kf6 42. d7 Ke6 43. Rd6+ Kf5 44. f3 Re6 45. Rd3 Kf6 46. Kf2 Rc6 47. Be3 Ke6 48. Bf4 Rc2+ 49. Bd2 Bb6+ 50. Ke2 Bd8 51. f4 Rc6 52. g4 f5 53. g5 Rc4 54. Rxh3 Kxd7 55. Rh7+ Ke8 56. Rg7 Rc6 57. Be3 Re6 58. Kf3 Kf8 59. Rd7 Be7 60. h4 Ke8 61. Ra7 Kf8 62. Bd4 Ke8 63. Be5 Kf8 64. Kg3 Kg8 65. h5 gxh5 66. Kh4 Bf8 67. Kxh5 Rc6 68. g6 Rc1 69. Kg5 Rg1+ 70. Kxf5 Bc5 71. Rh7 Kf8 72. Bf6 Ke8 73. Rh8+ Kd7 74. g7 1-0


[Site "https://www.chess.com"]

[Event "Titled Tuesday Blitz June 1 2021"]
[White "Tokhirjonova, Gulrukhbegim"]
[Black "Dobrov, Vladimir"]
[WhiteFideId "14203626"]
[BlackFideId "4136594"]
[WhiteElo "2236"]
[BlackElo "2614"]
[Result "0-1"]
[Round "04"]
[TimeControl "180+1"]
[Date "2021.06.01"]
[WhiteClock "0:00:07"]
[BlackClock "0:00:09"]

1. e4 c5 2. Nf3 d6 3. d4 cxd4 4. Nxd4 Nf6 5. Nc3 Nbd7 6. h3 Nc5 7. Bd3 g6 8. Bg5 Bg7 9. Qd2 h6 10. Be3 a6 11. a4 b6 12. b4 Ncd7 13. O-O Bb7 14. Rae1 Rc8 15. Nde2 Ne5 16. b5 a5 17. f4 Nc4 18. Bxc4 Rxc4 19. e5 Ne4 20. Nxe4 Bxe4 21. c3 O-O 22. exd6 exd6 23. Nd4 Qh4 24. f5 Be5 25. Bxh6 Rfc8 26. fxg6 Bxg6 27. Bf4 Rxc3 28. Bxe5 dxe5 29. Nc6 Rc2 30. Qe3 Re8 31. Qxb6 Qxa4 32. Nxe5 Qa2 33. Rf2 Rxf2 34. Qxf2 Qe6 35. b6 Rb8 36. Nxg6 Qxg6 37. Re3 Qxb6 38. Rg3+ Kf8 39. Re3 Qb1+ 40. Kh2 Qb6 41. Qe2 Qd6+ 42. g3 a4 43. Qh5 Rb2+ 44. Re2 Rxe2+ 45. Qxe2 a3 46. Kg2 Qb4 47. Kf3 Qb3+ 48. Kf4 Qb2 49. Qa6 a2 50. Qc8+ Kg7 51. Qg4+ Kh7 52. Qh5+ Kg8 53. Qg5+ Qg7 54. Qd8+ Kh7 55. Qd3+ Qg6 56. Qa3 Qf6+ 57. Kg4 a1=Q 0-1


[Site "https://www.chess.com"]

[Event "Titled Tuesday Blitz June 1 2021"]
[White "Triapishko, Alexandr"]
[Black "Buksa, Nataliya"]
[WhiteFideId "14122286"]
[BlackFideId "14123622"]
[WhiteElo "2490"]
[BlackElo "2214"]
[Result "1-0"]
[Round "04"]
[TimeControl "180+1"]
[Date "2021.06.01"]
[WhiteClock "0:00:05"]
[BlackClock "0:00:07"]

1. c4 e6 2. Nf3 d5 3. g3 Nf6 4. Bg2 Be7 5. b3 O-O 6. Bb2 b6 7. O-O Bb7 8. e3 Nbd7 9. Nc3 c5 10. cxd5 Nxd5 11. Nxd5 Bxd5 12. Rc1 Bf6 13. d4 Rc8 14. Qe2 cxd4 15. Nxd4 Bxg2 16. Kxg2 Rxc1 17. Rxc1 Nc5 18. Rd1 Qd5+ 19. Nf3 Qf5 20. Bxf6 Qxf6 21. e4 a5 22. Rd6 Rb8 23. Qb5 Nxe4 24. Rxb6 Rd8 25. Rb8 h6 26. Qe5 Rxb8 27. Qxb8+ Kh7 28. Qa8 Qf5 29. Qc6 g5 30. h3 Kg7 31. Qb6 h5 32. Qd4+ Kh7 33. Ne1 g4 34. hxg4 hxg4 35. Qe3 Ng5 36. Qd3 Ne4 37. Qe2 Ng5 38. Qe3 Qd5+ 39. Kf1 Nf3 40. Qd3+ Qxd3+ 41. Nxd3 Kg6 42. Nc5 Kf5 43. Nb7 a4 44. bxa4 Nd4 45. a5 Nc6 46. a6 Na7 47. a4 Ke5 48. Ke2 f6 49. Ke3 Kd5 50. Kf4 Kc6 51. Nd8+ Kd7 52. Nf7 Ke7 53. Nh6 f5 54. Kg5 Kd6 55. Kf6 Kd5 56. Nf7 Nc6 57. Ng5 e5 58. Kxf5 Nd4+ 59. Kxg4 Nc6 60. f3 Kc5 61. Ne4+ Kb6 62. Kf5 Kxa6 63. g4 Ka5 64. g5 Kxa4 65. g6 Ne7+ 66. Kf6 Ng8+ 67. Kxe5 Kb5 68. f4 Kc6 69. f5 Kd7 70. Nf6+ Ke7 71. Nxg8+ Kf8 72. Nf6 Kg7 73. Ng4 Kf8 74. f6 Kg8 75. Ke6 Kh8 76. Ne5 Kg8 77. Ke7 Kh8 78. Ng4 Kg8 79. f7+ Kh8 80. f8=Q# 1-0


[Site "https://www.chess.com"]

[Event "Titled Tuesday Blitz June 1 2021"]
[White "ValeriyGrinev"]
[Black "Langner, Ladislav"]
[BlackFideId "300403"]
[WhiteElo "2624"]
[BlackElo "2346"]
[Result "0-1"]
[Round "04"]
[TimeControl "180+1"]
[Date "2021.06.01"]
[WhiteClock "0:02:23"]
[BlackClock "0:02:14"]

1. d4 Nf6 2. c4 g6 3. Nc3 d5 4. cxd5 Nxd5 5. e4 Nxc3 6. bxc3 c5 7. Be3 Bg7 8. Qd2 Qa5 9. Nf3 Bg4 10. Be2 Nc6 11. Rc1 Bxf3 12. Bxf3 cxd4 13. cxd4 Qxd2+ 14. Kxd2 Nxd4 15. Rc7 Nxf3+ 16. gxf3 Be5 17. Rxb7 O-O-O 0-1


[Site "https://www.chess.com"]

[Event "Titled Tuesday Blitz June 1 2021"]
[White "Vazquez, Guillermo"]
[Black "Manafov, Vugar"]
[WhiteFideId "3702308"]
[BlackFideId "13410814"]
[WhiteElo "2536"]
[BlackElo "2274"]
[Result "1/2-1/2"]
[Round "04"]
[TimeControl "180+1"]
[Date "2021.06.01"]
[WhiteClock "0:00:06"]
[BlackClock "0:00:10"]

1. e4 Nf6 2. e5 Nd5 3. d4 d6 4. Nf3 Nb6 5. a4 a5 6. Nc3 g6 7. h4 h5 8. exd6 cxd6 9. d5 Bg7 10. Be3 O-O 11. Bd4 Na6 12. Bxg7 Kxg7 13. Ng5 Nb4 14. Bd3 Nxd3+ 15. Qxd3 Bf5 16. Qd4+ Kg8 17. O-O Rc8 18. Rfe1 Rc4 19. Qe3 Rxh4 20. Qxe7 Bxc2 21. Nf3 Qxe7 22. Rxe7 Rg4 23. Rxb7 Nxa4 24. Ne1 Nxc3 25. bxc3 Ba4 26. Rb6 Rd8 27. Nf3 Be8 28. Rxa5 Rc4 29. Rb3 Rdc8 30. Ra6 Rxc3 31. Rxc3 Rxc3 32. Rxd6 Rc1+ 33. Kh2 Ba4 34. Ra6 Bb3 35. d6 Rd1 36. Rb6 Bc4 37. Ne5 Be6 38. f3 Kg7 39. Kg3 Kf6 40. f4 Rd4 41. d7 Kg7 42. Rb4 Rd2 43. Rb7 Kf6 44. Kh4 g5+ 45. Kg3 h4+ 46. Kf3 Kf5 47. Rb5 Kf6 48. fxg5+ Kg7 49. Ke3 Rd6 50. Rb7 Bd5 51. Rc7 Bxg2 52. Rc8 h3 53. d8=Q Rxd8 54. Rxd8 h2 55. Rd1 h1=Q 56. Rxh1 Bxh1 57. Kf4 Bb7 58. Ng4 Bc8 59. Ne5 Be6 60. Nxf7 Bxf7 61. g6 Bxg6 1/2-1/2


[Site "https://www.chess.com"]

[Event "Titled Tuesday Blitz June 1 2021"]
[White "Willychess95"]
[Black "Kuzubov, Yuriy"]
[BlackFideId "14112906"]
[WhiteElo "2643"]
[BlackElo "2577"]
[Result "1-0"]
[Round "04"]
[TimeControl "180+1"]
[Date "2021.06.01"]
[WhiteClock "0:01:01"]
[BlackClock "0:00:24"]

1. e4 c5 2. Nf3 Nc6 3. d4 cxd4 4. Nxd4 Nf6 5. Nc3 e5 6. Ndb5 d6 7. Bg5 a6 8. Na3 b5 9. Nd5 Be7 10. Bxf6 Bxf6 11. c4 b4 12. Nc2 O-O 13. g3 Rb8 14. b3 Bg5 15. Bg2 a5 16. O-O Ne7 17. Nde3 Be6 18. Qd3 Qc7 19. Rad1 Rfd8 20. f4 exf4 21. gxf4 Bf6 22. Kh1 Qc5 23. e5 Bh4 24. f5 Bc8 25. exd6 Nc6 26. Qe4 Bb7 27. Qxh4 Rxd6 28. Rxd6 Qxd6 29. f6 1-0


[Site "https://www.chess.com"]

[Event "Titled Tuesday Blitz June 1 2021"]
[White "Yeletsky, Ivan"]
[Black "Xiong, Jeffery"]
[WhiteFideId "24180327"]
[BlackFideId "2047640"]
[WhiteElo "2344"]
[BlackElo "2724"]
[Result "1-0"]
[Round "04"]
[TimeControl "180+1"]
[Date "2021.06.01"]
[WhiteClock "0:01:12"]
[BlackClock "0:02:16"]

1. d4 Nf6 2. c4 c5 3. d5 b5 4. cxb5 a6 5. bxa6 g6 6. Nc3 Bxa6 7. Nf3 Bg7 8. e4 Bxf1 9. Kxf1 d6 10. g3 Nbd7 11. Kg2 O-O 12. a4 Qb6 13. Qe2 Rfb8 14. Nb5 Ne8 15. Bg5 Kf8 16. Nd2 Nc7 17. Nc4 Qb7 18. Nxc7 Qxc7 19. Bd2 Rb3 20. Ra2 Rab8 21. Rb1 Kg8 22. Na5 Rxb2 23. Raxb2 Rxb2 24. Rxb2 Bxb2 25. Nc6 Ne5 26. Qb5 Bd4 27. Ba5 1-0


[Site "https://www.chess.com"]

[Event "Titled Tuesday Blitz June 1 2021"]
[White "Zhigalko, Sergei"]
[Black "Annaberdiyev, Babageldi"]
[WhiteFideId "13502956"]
[BlackFideId "14000385"]
[WhiteElo "2662"]
[BlackElo "2332"]
[Result "0-1"]
[Round "04"]
[TimeControl "180+1"]
[Date "2021.06.01"]
[WhiteClock "0:00:01"]
[BlackClock "0:00:55"]

1. e4 e6 2. d4 d5 3. e5 c5 4. c3 Nc6 5. Nf3 Qb6 6. a3 Nh6 7. b4 cxd4 8. cxd4 Nf5 9. Be3 f6 10. exf6 gxf6 11. Bd3 Nxe3 12. fxe3 Bh6 13. Qe2 Ne7 14. O-O O-O 15. Nbd2 e5 16. e4 Ng6 17. g3 Bh3 18. Rfe1 Rae8 19. Qd1 dxe4 20. Nxe4 Bg4 21. Be2 Bxf3 22. Bxf3 Qxd4+ 23. Qxd4 exd4 24. Nc5 Be3+ 25. Kg2 b6 26. Nd7 Rc8 27. Nxf8 Kxf8 28. Re2 Rc3 29. Be4 Ne5 30. Rf1 Kg7 31. Rc2 Nc4 32. Rxc3 dxc3 33. Bd3 Nxa3 34. Re1 c2 0-1


[Site "https://www.chess.com"]

[Event "Titled Tuesday Blitz June 1 2021"]
[White "Zierk, Steven"]
[Black "Nygren, Kim"]
[WhiteFideId "2034255"]
[BlackFideId "1706136"]
[WhiteElo "2502"]
[BlackElo "2257"]
[Result "1-0"]
[Round "04"]
[TimeControl "180+1"]
[Date "2021.06.01"]
[WhiteClock "0:00:10"]
[BlackClock "0:00:03"]

1. e4 c5 2. Nf3 d6 3. d4 cxd4 4. Nxd4 Nf6 5. f3 e6 6. c4 Be7 7. Nc3 O-O 8. Be2 Nc6 9. O-O a6 10. Kh1 Bd7 11. Nc2 Rc8 12. b3 Ne5 13. Bb2 b5 14. cxb5 axb5 15. Nxb5 Bxb5 16. Bxb5 Qb6 17. a4 Rfd8 18. Bd4 Qb8 19. Nb4 Ng6 20. Nc6 Rxc6 21. Bxc6 d5 22. e5 Nxe5 23. Bb5 Bd6 24. f4 Ng6 25. g3 Ne4 26. Qd3 e5 27. fxe5 Bxe5 28. Bxe5 Nxe5 29. Qd4 Ng4 30. Rf4 h5 31. b4 g6 32. Be2 g5 33. Rf3 Qd6 34. a5 Ne5 35. Rb3 h4 36. gxh4 g4 37. a6 g3 38. a7 Ra8 39. hxg3 Qe6 40. Kg2 f6 41. b5 Qf5 42. b6 1-0


[Site "https://www.chess.com"]

[Event "Titled Tuesday Blitz June 1 2021"]
[White "elcandado"]
[Black "Leisch, Lukas"]
[BlackFideId "1632094"]
[WhiteElo "2664"]
[BlackElo "2210"]
[Result "0-1"]
[Round "04"]
[TimeControl "180+1"]
[Date "2021.06.01"]
[WhiteClock "0:00:20"]
[BlackClock "0:00:37"]

1. d4 d5 2. Bf4 c5 3. c3 cxd4 4. cxd4 Nc6 5. e3 Nf6 6. Nc3 a6 7. Rc1 Bf5 8. Bd3 Bxd3 9. Qxd3 e6 10. Nf3 Be7 11. O-O O-O 12. a3 Rc8 13. Na4 Na5 14. Nd2 Nc4 15. Rc2 Qa5 16. Nc3 Nxb2 17. Rxb2 Rxc3 18. Qe2 b5 19. Nb1 Rc6 20. Rc2 Rfc8 21. Rxc6 Rxc6 22. Qb2 h6 23. h3 Ne4 24. Rc1 Rc4 25. f3 Nd6 26. Bxd6 Bxd6 27. e4 Qc7 28. Re1 Rc2 29. Qb3 Bg3 30. Rf1 Qc4 31. Qe3 Qa2 0-1


[Site "https://www.chess.com"]

[Event "Titled Tuesday Blitz June 1 2021"]
[White "Abdusattorov, Nodirbek"]
[Black "Yeletsky, Ivan"]
[WhiteFideId "14204118"]
[BlackFideId "24180327"]
[WhiteElo "2662"]
[BlackElo "2344"]
[Result "1-0"]
[Round "05"]
[TimeControl "180+1"]
[Date "2021.06.01"]
[WhiteClock "0:00:52"]
[BlackClock "0:00:01"]

1. e4 c5 2. c3 Nf6 3. e5 Nd5 4. Nf3 d6 5. d4 cxd4 6. cxd4 Nc6 7. Bc4 dxe5 8. dxe5 Ndb4 9. O-O Qxd1 10. Rxd1 Bg4 11. e6 fxe6 12. Nc3 g6 13. Ne4 Bg7 14. Neg5 Nc2 15. Rb1 N2d4 16. Be3 Rd8 17. h3 Bxf3 18. gxf3 Bf6 19. Nxe6 Rd6 20. Nc7+ Kd7 21. Nb5 Nxb5 22. Bxb5 a6 23. Bd3 Rd8 24. Bb6 Nd4 25. Bxd8 Kxd8 26. Be4 b5 27. Kf1 e5 28. Rbc1 Bg5 29. Rc5 Bf4 30. Rd3 b4 31. a3 bxa3 32. Rxa3 Rb6 33. Ra2 Ke7 34. Rc7+ Kf6 35. Ra7 Kg5 36. Rxh7 Rb8 37. Rxa6 1-0


[Site "https://www.chess.com"]

[Event "Titled Tuesday Blitz June 1 2021"]
[White "Andreikin, Dmitry"]
[Black "Dowgird, Filip"]
[WhiteFideId "4158814"]
[BlackFideId "1121235"]
[WhiteElo "2782"]
[BlackElo "2209"]
[Result "1-0"]
[Round "05"]
[TimeControl "180+1"]
[Date "2021.06.01"]
[WhiteClock "0:02:06"]
[BlackClock "0:02:05"]

1. c4 e5 2. Nc3 Bb4 3. Nd5 Bc5 4. b4 Bd6 5. c5 Bf8 6. Bb2 d6 7. d4 exd4 8. Qxd4 dxc5 9. Qe5+ Kd7 10. O-O-O Bd6 11. Qxg7 1-0


[Site "https://www.chess.com"]